 Dungeon Sprint DCSS version 0.02-122-g12e50fee3c (webtiles) character file.

Game seed: 14285097931832495311, levelgen mode: deterministic

54615 lorenzova the Archmage (level 13, -6/63 HPs) Deep Elf Fire Elementalist. Began on Oct 6, 2020. Was the Champion of Vehumet. Killed from afar by a crystal guardian (24 damage) ... with a crystal bolt ... in the Dungeon (Sprint III: "The Ten Rune Challenge"). The game lasted 00:37:04 (5443 turns).

lorenzova the Archmage (Deep Elf Fire Elementalist) Turns: 5443, Time: 00:37:05

Health: -6/63      AC: 11    Str:  8    XL:     13 ^: 5015
Magic:  32/46      EV: 11    Int: 31    God:    Vehumet [6* [200]]
Gold:   4020       SH: 15    Dex: 17    Spells: 26/66 levels left

rFire    . . .     Vision   .   v - +0 staff of poison
rCold    + . .     Gourm    .   y - +2 heater shield {reflect}
rNeg     . . .     Faith    .   C - +2 leather armour {rC+}
rPois    +         Spirit   .   s - +2 helmet {Int+3}
rElec    .         Reflect  +   (no cloak)
rCorr    .         Harm     .   F - +0 pair of gloves {Str+3}
MR       +....     NoTele   +   (no boots)
Stlth    +++.......             (no amulet)
HPRegen  0.31/turn              (no ring)
MPRegen  0.56/turn              (no ring)

@: no status effects
A: thin metallic scales 1, thin skeletal structure 1, blink, clever 1, wild
magic 1
}: 1/10 runes: serpentine
a: Blink, Renounce Religion


You were in the Dungeon.
You worshipped Vehumet.
Vehumet was exalted by your worship.
You were very hungry.

You visited 1 branch You collected 4737 gold pieces.
You spent 717 gold pieces at shops.

Inventory:

Weapons
 q - a +4 scimitar of electrocution Shields
 y - a +2 heater shield of reflection (shield)
Armour
 a - a +0 robe
 s - a +2 helmet of intelligence (worn)
 t - a +0 robe of cold resistance
 C - a +2 leather armour of cold resistance (worn)
 F - a +0 pair of gloves of strength (worn)
Magical Staves
 f - the +5 staff of Distraction {energy, fire; rF+ rN++}
   (Vehumet gifted it to you in the Dungeon)

   [staff of fire]

   Base accuracy: +5 Base damage: 5 Base attack delay: 1.2 This weapon's minimum
   attack delay (0.6) is reached at skill level 12.
   Spells enhanced by this staff cost the caster one less mana to cast.
   It falls into the 'Staves' category.
   It is one handed.
   Its enchantment grants additive spellpower to the spells it enhances.
 i - the -1 staff of Certain Death {shield, air; +Inv rElec}
   (Vehumet gifted it to you in the Dungeon)

   [staff of air]

   Base accuracy: +5 Base damage: 5 Base attack delay: 1.2 This weapon's minimum
   attack delay (0.6) is reached at skill level 12.
   Exudes a magical forcefield from the head of the staff; granting some measure
   of shielding for the wielder.
   The strength of the forcefield depends on the wielder's skill in the staff's
   primary element and charms.
   Additional increases the spellpower of charms spells.
   It falls into the 'Staves' category.
   It is one handed.
   Its enchantment grants additive spellpower to the spells it enhances.
 v - a +0 staff of poison (weapon)
 x - the +4 staff of Blood-Lust {menace, air; *Drain rElec rF+ rN+ Str+2}
   (Vehumet gifted it to you in the Dungeon)

   [staff of air]

   Base accuracy: +5 Base damage: 5 Base attack delay: 1.2 This weapon's minimum
   attack delay (0.6) is reached at skill level 12.
   The minimum and maximum damage of damaging spells cast with this staff are
   significantly increased.
   It falls into the 'Staves' category.
   It is one handed.
   Its enchantment grants additive spellpower to the spells it enhances.
 G - the +3 staff "Ziera" {chaos, fire; rF+ rN+ Str+6 Slay-4 +Vis}
   (Vehumet gifted it to you in the Dungeon)

   [staff of fire]

   Base accuracy: +5 Base damage: 5 Base attack delay: 1.2 This weapon's minimum
   attack delay (0.6) is reached at skill level 12.
   Spells enhanced by this staff find their maximum damage significantly
   boosted, but their damage type scrambled completely randomly.
   Additionally they have random effects on those damaged by their magic,
   including debilitating hexes and powerful charms.
   It falls into the 'Staves' category.
   It is one handed.
   Its enchantment grants additive spellpower to the spells it enhances.
 K - the +2 staff of Defence by Offence {menace, cold; rElec rC+}
   (Vehumet gifted it to you in the Dungeon)

   [staff of cold]

   Base accuracy: +5 Base damage: 5 Base attack delay: 1.2 This weapon's minimum
   attack delay (0.6) is reached at skill level 12.
   The minimum and maximum damage of damaging spells cast with this staff are
   significantly increased.
   It falls into the 'Staves' category.
   It is one handed.
   Its enchantment grants additive spellpower to the spells it enhances.
Wands
 b - a wand of flame (21)
 r - a wand of polymorph (3)
 w - a wand of random effects (2)
 A - a wand of acid (11)
 D - a wand of disintegration (19)
 H - a wand of ensnaring (1)
 M - a wand of healing (7)
Scrolls
 j - 4 scrolls of bless item
 l - a scroll of holy word
 n - a scroll of random uselessness
 u - a scroll of silence
 B - a scroll of fear
 E - a scroll of enchantment
 L - 2 scrolls of blinking
Potions
 d - 2 potions of curing
 e - 4 potions of heal wounds
 g - 3 potions of magic
 h - a potion of berserk rage
 k - a potion of ambrosia
 m - 2 potions of mutation
 o - a potion of might
 z - a potion of agility
 I - a potion of cancellation
 J - a potion of brilliance
Miscellaneous
 p - a phantom mirror
Comestibles
 c - 19 rations


   Skills:
 - Level 2.4 Dodging
 - Level 2.4 Stealth
 + Level 12.4 Shields
 O Level 27 Spellcasting
 + Level 25.2 Fire Magic
 + Level 2.5 Evocations


You had 26 spell levels left.
You knew the following spells:

 Your Spells              Type           Power        Failure   Level  Hunger
a - Foxfire               Fire           25 (25)      1%          1    None
b - Searing Ray           Fire           50 (50)      1%          2    None
c - Conjure Flame         Fire           100 (100)    1%          3    None
d - Sticky Flame          Fire/Pois      100 (100)    1%          4    None
e - Ignition              Fire           131 (200)    1%          8    #......
f - Fireball              Fire           131 (200)    1%          5    None
g - Bolt of Fire          Fire           131 (200)    1%          6    None
p - Blink                 Tloc           N/A          5%          2    None
v - Fire Storm            Fire           131 (200)    3%          9    ####...

Your spell library contained the following spells:

 Spells                   Type           Power        Failure   Level  Hunger
 Flame Tongue             Fire           40 (40)      1%          1    None
 Freeze                   Ice            25 (25)      1%          1    None
 Shock                    Air            25 (25)      1%          1    None
 Inner Flame              Hex/Fire       100 (100)    1%          3    None
 Starburst                Fire           131 (200)    1%          6    None
 Static Discharge         Air            53 (100)     2%          3    None
 Call Imp                 Summ           53 (100)     5%          2    None
 Slow                     Hex            53 (100)     5%          2    None
 Force Lance              Tloc/Air       53 (200)     8%          4    None
 Muse Oam's Air Blast     Tloc/Air       53 (100)     8%          4    None
 Mephitic Cloud           Pois/Air       69 (100)     10%         3    None
 Portal Projectile        Chrm/Tloc      50 (50)      10%         3    None
 Iskenderun's Battlesphe  Chrm/Erth      53 (100)     21%         5    None
 Lightning Bolt           Air            53 (200)     21%         5    None
 Freezing Cloud           Ice/Air        53 (200)     67%         6    None
 Ozocubu's Refrigeration  Ice            53 (200)     67%         6    None
 Dispersal                Tloc           53 (200)     98%         6    None
 Iskenderun's Icy Sphere  Ice            53 (200)     99%         7    None
 Controlled Blink         Tloc           53 (100)     100%        7    None
 Disjunction              Tloc           53 (200)     100%        8    #......
 Tornado                  Air            53 (200)     100%        9    ####...


Dungeon Overview and Level Annotations

Branches:
Dungeon (1/1)

Altars:
Cheibriados
Dithmenos
Elyvilon
Fedhas Madash
Gozag Ym Sagoz
Hepliaklqana
Kikubaaqudgha
Makhleb
Nemelex Xobeh
Okawaru
Qazlal
Ru
Sif Muna
Trog
Uskayaw
Vehumet
Wu Jian
Xom
Yredelemnul
Zin
The Shining One
Beogh
Jiyva
Lugonu

Shops:
D (?}[


Innate Abilities, Weirdness & Mutations

You are partially covered in thin metallic scales. (AC +2)
You have a somewhat thin skeletal structure. (Dex +2, Stealth)
You can translocate small distances at will.
Your mind is acute. (Int +2)
Your spells are a little harder to cast, but a little more powerful.


Message History

The great blast of fire engulfs the crystal guardian (30)!!
The crystal guardian partially resists.
The crystal guardian is severely damaged. (15/45) HP The crystal guardian fires a crystalline bolt at you.
The crystal bolt hits your fire vortex (23)!!
The crystal bolt hits you (21)!!
* * * LOW HITPOINT WARNING * * *
Casting: Fire Storm (slightly dangerous; 3% risk of failure)
Confirm with . or Enter, or press ? or * to list all spells.
Aiming: Fire Storm (slightly dangerous; 3% risk of failure)
Press: ? - help, Dir - move target cursor, f - crystal guardian
Aim: a crystal guardian (grey smoke, undamaged (45/45))
A raging storm of fire appears!
The great blast of fire engulfs the crystal guardian (22)!!
The crystal guardian partially resists.
The crystal guardian is heavily damaged. (23/45) HP You are feeling very hungry.
The crystal guardian fires a crystalline bolt at you.
The crystal bolt hits you (24)!!
You die...

≈≈≈,,,,,,≈≈≈*#.#[..........'..#**
≈≈≈≈≈,,≈≈≈≈≈*#.#...)...########,,
≈≈≈≈≈≈≈≈≈≈≈≈*#.#.)...###,∩⌠⌠∩,*,,
≈≈≈≈≈≈≈≈≈≈≈≈*#.#.).###.#,∩⌠⌠∩,*,*
≈≈≈≈≈≈≈≈≈≈≈≈*#.#.###§§.#,∩∩∩∩,*,,
≈≈≈≈≈≈≈≈≈≈≈≈*#.#'#○vv§.#,∩∩∩∩,*,,
≈≈≈≈≈≈≈≈≈≈≈≈*#.#..§§v§§#,,,,,,*,*
≈≈≈≈≈≈≈≈≈≈≈≈*#.#..§○8§§#**++##*,,
≈≈≈≈≈≈≈≈≈≈≈≈*#..@§§§v§§#,⌠..⌠.*,,
≈≈≈≈≈≈≈≈≈≈≈≈*#########§#§.....***
≈≈≈,,,,,,≈≈≈**,*,*,*,#vv88....*,,
≈≈,,∩∩,∩,,≈≈**,......88v......*,,
**************,..........vv...*,,
***************#'#############*,,
,≈,,,,≈,*,,,***,,,**,*≈≈≈≈≈≈*****
≈,,,,,,≈*,,,**,,,,,**+*,≈≈,≈*,*,,
,,,,,,,,*+***,,,,,,,***,,,,≈*,*+*


You could see a crystal guardian and 4 friendly fire vortices.

Vanquished Creatures
  Rupert (D)
  Gastronok (D)
  Frances (D)
  Donald (D)
  A nagaraja (D)
  A deep elf blademaster (D)
  2 deep elf demonologists (D)
  4 azure jellies (D)
  A deep elf death mage (D)
  A deep elf high priest (D)
  Erolcha (D)
  A naga warrior (D)
  Urug (D)
  2 dire elephants (D)
  A deep elf knight (D)
  2 yaktaur captains (D)
  A lindwurm (D)
  4 anacondas (D)
  An obsidian statue (D)
  2 hydras (D)
  A spriggan druid (D)
  7 deep elf magi (D)
  A guardian serpent (D)
  4 death yaks (D)
  An orc sorcerer (D)
  3 black mambas (D)
  2 elephants (D)
  2 spiny frogs (D)
  A rime drake (D)
  2 tyrant leeches (D)
  A yaktaur (D)
  A queen bee (D)
  A komodo dragon (D)
  8 blink frogs (D)
  2 orc high priests (D)
  3 wandering mushrooms (D)
  A shadow (D)
  2 spriggans (D)
  4 spriggan defenders (D)
  5 redbacks (D)
  A spatial vortex (D)
  2 nagas (D)
  A necrophage (D)
  4 water moccasins (D)
  2 hydra simulacra (D)
  A swamp drake (D)
  2 orc warriors (D)
  5 two-headed ogres (D)
  A water elemental (D)
  A scorpion (D)
  32 killer bees (D)
  An electric eel (D)
  4 orc priests (D)
  A jelly (D)
  Jessica (D)
  A wizard (D)
  3 orc wizards (D)
  A necromancer (D)
  3 humans (D)
  A kobold demonologist (D)
  4 adders (D)
  2 wolf simulacra (D)
  An ooze (D)
  10 orcs (D)
  2 rats (D)
  15 plants (D)
184 creatures vanquished.

Vanquished Creatures (others)
  2 draconian scorchers (D)
  Nessos (D)
  A death drake (D)
  6 hellions (D)
  2 yaktaurs (D)
  3 fire vortices (D)
  21 foxfires (D)
  6 plants (D)
42 creatures vanquished.

Grand Total: 226 creatures vanquished

Notes
Turn   | Place    | Note
-------+----------+-------------------------------------------
     0 | D        | lorenzova the Deep Elf Fire Elementalist began the quest
                  | for the Orb.
     0 | D        | Reached XP level 1. HP: 10/10 MP: 6/6
    24 | D        | Reached skill level 4 in Spellcasting
    73 | D        | Killed a yaktaur
    90 | D        | Killed a hellion
   101 | D        | Killed a hellion
   101 | D        | Killed a hellion
   152 | D        | Killed a hellion
   167 | D        | Killed a hellion
   169 | D        | Killed a hellion
   172 | D        | Noticed Jessica
   193 | D        | Killed a white draconian scorcher
   197 | D        | Killed Jessica
   197 | D        | Reached skill level 6 in Spellcasting
   197 | D        | Reached skill level 5 in Fire Magic
   197 | D        | Reached XP level 2. HP: 15/15 MP: 7/11
   197 | D        | Reached XP level 3. HP: 19/19 MP: 7/12
   218 | D        | Killed a white draconian scorcher
   223 | D        | Learned a level 2 spell: Searing Ray
   227 | D        | Learned a level 3 spell: Conjure Flame
   262 | D        | Gained mutation: You have a pair of small horns on your
                  | head. [potion of mutation]
   262 | D        | Gained mutation: You have a somewhat thin skeletal
                  | structure. (Dex +2, Stealth) [potion of mutation]
   278 | D        | Killed a yaktaur
   379 | D        | Reached skill level 8 in Spellcasting
   379 | D        | Reached XP level 4. HP: 24/24 MP: 2/16
   445 | D        | Learned a level 4 spell: Sticky Flame
   466 | D        | Lost mutation: You have a pair of small horns on your head.
                  | [potion of mutation]
   466 | D        | Gained mutation: You are partially covered in thin metallic
                  | scales. (AC +2) [potion of mutation]
   466 | D        | Gained mutation: You have supernaturally acute eyesight.
                  | (+Vis) [potion of mutation]
   466 | D        | Gained mutation: You are agile. (Dex +2) [potion of
                  | mutation]
   467 | D        | Lost mutation: You are agile. (Dex +2) [potion of mutation]
   467 | D        | Lost mutation: You have supernaturally acute eyesight.
                  | (+Vis) [potion of mutation]
   467 | D        | Gained mutation: Potions are less effective at restoring
                  | your health. [potion of mutation]
   467 | D        | Gained mutation: You can translocate small distances at
                  | will. [potion of mutation]
   467 | D        | Gained mutation: You are robust. (+10% HP) [potion of
                  | mutation]
   468 | D        | Lost mutation: Potions are less effective at restoring your
                  | health. [potion of mutation]
   468 | D        | Lost mutation: You are robust. (+10% HP) [potion of
                  | mutation]
   468 | D        | Gained mutation: Your mind is acute. (Int +2) [potion of
                  | mutation]
   468 | D        | Gained mutation: Your spells are a little harder to cast,
                  | but a little more powerful. [potion of mutation]
   485 | D        | Reached skill level 9 in Spellcasting
   485 | D        | Reached XP level 5. HP: 28/28 MP: 11/19
   520 | D        | Learned a level 5 spell: Fireball
   524 | D        | Found a radiant altar of Vehumet.
   524 | D        | Found a shimmering blue altar of Sif Muna.
   524 | D        | Found an ancient bone altar of Kikubaaqudgha.
   526 | D        | Reached skill level 10 in Spellcasting
   640 | D        | Became a worshipper of Vehumet
   648 | D        | Found a glowing silver altar of Zin.
   648 | D        | Found a glowing golden altar of the Shining One.
   648 | D        | Found a white marble altar of Elyvilon.
   649 | D        | Noticed a deep elf mage
   654 | D        | Killed a deep elf mage
   654 | D        | Reached skill level 13 in Spellcasting
   654 | D        | Reached XP level 6. HP: 32/32 MP: 8/24
   654 | D        | Reached XP level 7. HP: 36/36 MP: 8/26
   712 | D        | Found a hide-covered altar of Uskayaw.
   712 | D        | Found a roughly hewn altar of Beogh.
   712 | D        | Found an iron altar of Okawaru.
   712 | D        | Found a bloodstained altar of Trog.
   712 | D        | Found an ornate altar of the Wu Jian Council.
   712 | D        | Noticed a human
   717 | D        | Killed a human
   717 | D        | Reached skill level 14 in Spellcasting
   717 | D        | Reached * piety under Vehumet
   717 | D        | Offered knowledge of Freeze by Vehumet.
   717 | D        | Reached skill level 15 in Spellcasting
   773 | D        | Learned a level 2 spell: Blink
   786 | D        | Found a basalt altar of Yredelemnul.
   786 | D        | Found a shadowy altar of Dithmenos.
   786 | D        | Found a sacrificial altar of Ru.
   835 | D        | Reached ** piety under Vehumet
   835 | D        | Offered knowledge of Shock by Vehumet.
   835 | D        | Reached XP level 8. HP: 41/41 MP: 19/29
   888 | D        | Found a blossoming altar of Fedhas.
   888 | D        | Found a stormy altar of Qazlal.
   890 | D        | Found a snail-covered altar of Cheibriados.
   890 | D        | Found a burning altar of Makhleb.
   890 | D        | Found a shimmering altar of Xom.
   913 | D        | Found a hazy altar of Hepliaklqana.
   913 | D        | Found an opulent altar of Gozag.
   913 | D        | Found a sparkling altar of Nemelex Xobeh.
   913 | D        | Found a corrupted altar of Lugonu.
   913 | D        | Found a viscous altar of Jiyva.
   919 | D        | Offered knowledge of Static Discharge by Vehumet.
   919 | D        | Reached skill level 16 in Spellcasting
  1049 | D        | Noticed a two-headed ogre
  1053 | D        | Killed a two-headed ogre
  1053 | D        | Reached *** piety under Vehumet
  1061 | D        | Noticed Erolcha
  1064 | D        | Killed Erolcha
  1064 | D        | Reached skill level 18 in Spellcasting
  1064 | D        | Reached skill level 15 in Fire Magic
  1064 | D        | Reached XP level 9. HP: 45/45 MP: 4/33
  1075 | D        | Offered knowledge of Muse Oam's Air Blast by Vehumet.
  1081 | D        | Noticed a two-headed ogre
  1094 | D        | Killed a two-headed ogre
  1196 | D        | Reached **** piety under Vehumet
  1214 | D        | Offered knowledge of Lightning Bolt by Vehumet.
  1442 | D        | Noticed an orc sorcerer
  1443 | D        | Reached ***** piety under Vehumet
  1443 | D        | Offered knowledge of Force Lance by Vehumet.
  1443 | D        | Reached skill level 19 in Spellcasting
  1444 | D        | Killed an orc sorcerer
  1452 | D        | Offered knowledge of Ozocubu's Refrigeration by Vehumet.
  1453 | D        | Reached ****** piety under Vehumet
  1455 | D        | Offered knowledge of Bolt of Fire by Vehumet.
  1495 | D        | Learned a level 6 spell: Bolt of Fire
  1495 | D        | Found Ilear's Antique Armour Boutique.
  1525 | D        | Bought a glowing helmet for 187 gold pieces
  1573 | D        | Noticed a deep elf knight
  1573 | D        | Noticed a deep elf mage
  1573 | D        | Noticed a deep elf mage
  1573 | D        | Noticed a deep elf mage
  1573 | D        | Noticed a deep elf mage
  1612 | D        | Killed a deep elf mage
  1612 | D        | Reached XP level 10. HP: 50/50 MP: 30/35
  1613 | D        | Killed a deep elf knight
  1613 | D        | Reached skill level 20 in Spellcasting
  1613 | D        | Killed a deep elf mage
  1614 | D        | Killed a deep elf mage
  1614 | D        | Offered knowledge of Iskenderun's Battlesphere by Vehumet.
  1614 | D        | Killed a deep elf mage
  1614 | D        | Reached skill level 21 in Spellcasting
  1730 | D        | Noticed a deep elf mage
  1730 | D        | Identified the +9 staff "Giant's Regret" {chaos, death; rN+
                  | MR+ Str-2 Slay+2 +Vis}
  1730 | D        | Identified the +2 buckler of Thoughtfulness {rF++ Dex-2}
  1730 | D        | Noticed a deep elf demonologist
  1739 | D        | Killed a deep elf mage
  1781 | D        | Killed a deep elf demonologist
  1801 | D        | Noticed a deep elf demonologist
  1809 | D        | Killed a deep elf demonologist
  1809 | D        | Reached skill level 22 in Spellcasting
  1809 | D        | Reached XP level 11. HP: 54/54 MP: 33/39
  1820 | D        | Identified the cursed +0 broad axe of Revolt {molten, rF+
                  | MR+ Dex+2 Stlth+, (Curse: rC-)}
  1820 | D        | Noticed a deep elf high priest
  1820 | D        | Noticed a deep elf death mage
  1821 | D        | Noticed a deep elf blademaster
  1869 | D        | Killed a deep elf death mage
  1883 | D        | Killed a deep elf blademaster
  1883 | D        | Received a gift from Vehumet
  1883 | D        | Reached skill level 23 in Spellcasting
  1897 | D        | Killed a deep elf high priest
  2057 | D        | Offered knowledge of Iskenderun's Icy Sphere by Vehumet.
  2059 | D        | Offered knowledge of Starburst by Vehumet.
  2062 | D        | Offered knowledge of Freezing Cloud by Vehumet.
  2072 | D        | Identified the +4 staff of Blood-Lust {menace, air; *Drain
                  | rElec rF+ rN+ Str+2} (Vehumet gifted it to you in the
                  | Dungeon)
  2072 | D        | Received a gift from Vehumet
  2228 | D        | Noticed Donald
  2228 | D        | Noticed Frances
  2231 | D        | Killed Donald
  2231 | D        | Reached skill level 24 in Spellcasting
  2232 | D        | Killed Frances
  2232 | D        | Reached XP level 12. HP: 46/59 MP: 30/42
  2279 | D        | Offered knowledge of Fire Storm by Vehumet.
  2279 | D        | Offered knowledge of Tornado by Vehumet.
  2279 | D        | Offered knowledge of Ignition by Vehumet.
  2307 | D        | Learned a level 9 spell: Fire Storm
  2494 | D        | Reached skill level 1 in Shields
  2494 | D        | Reached skill level 25 in Spellcasting
  2604 | D        | Identified the +3 staff "Ziera" {chaos, fire; rF+ rN+ Str+6
                  | Slay-4 +Vis} (Vehumet gifted it to you in the Dungeon)
  2604 | D        | Received a gift from Vehumet
  3268 | D        | Killed Nessos
  3310 | D        | Received a gift from Vehumet
  3334 | D        | Reached skill level 5 in Shields
  3359 | D        | Received a gift from Vehumet
  3481 | D        | Noticed Urug
  3770 | D        | Received a gift from Vehumet
  3770 | D        | Reached skill level 26 in Spellcasting
  3832 | D        | Noticed Rupert
  3838 | D        | Killed Rupert
  3862 | D        | Received a gift from Vehumet
  3884 | D        | Learned a level 8 spell: Ignition
  3922 | D        | Reached XP level 13. HP: 63/63 MP: 33/45
  3994 | D        | Noticed Gastronok
  4070 | D        | Identified the +9 staff "Roemagan" {shield, cold; rF+ rC+
                  | rN+ MR- Int+4} (Vehumet gifted it to you in the Dungeon)
  4070 | D        | Received a gift from Vehumet
  4143 | D        | Killed Gastronok
  4203 | D        | Killed Urug
  4203 | D        | Reached skill level 27 in Spellcasting
  4283 | D        | Found a blossoming altar of Fedhas.
  4284 | D        | Identified the +2 staff of Defence by Offence {menace,
                  | cold; rElec rC+} (Vehumet gifted it to you in the Dungeon)
  4284 | D        | Received a gift from Vehumet
  4604 | D        | Reached skill level 10 in Shields
  4607 | D        | Identified the +5 staff of Distraction {energy, fire; rF+
                  | rN++} (Vehumet gifted it to you in the Dungeon)
  4607 | D        | Received a gift from Vehumet
  4938 | D        | Received a gift from Vehumet
  5020 | D        | Received a gift from Vehumet
  5049 | D        | Noticed a nagaraja
  5050 | D        | Killed a nagaraja
  5063 | D        | Found Caixkiga's Antique Weapon Boutique.
  5063 | D        | Found Ditwetud's Magic Scroll Emporium.
  5065 | D        | Found Etulurph's Gadget Shop.
  5073 | D        | Received a gift from Vehumet
  5102 | D        | Bought a scroll of blinking for 97 gold pieces
  5102 | D        | Bought a scroll of blinking for 97 gold pieces
  5103 | D        | Bought a wand of healing (4) for 336 gold pieces
  5192 | D        | Got a serpentine rune of Zot
  5301 | D        | Reached skill level 1 in Evocations
  5349 | D        | Identified the -1 staff of Certain Death {shield, air; +Inv
                  | rElec} (Vehumet gifted it to you in the Dungeon)
  5349 | D        | Received a gift from Vehumet
  5443 | D        | Killed from afar by a crystal guardian

Levels and vault maps discovered:
D:        dungeon_sprint_mu [sprint_mu_entry_cave, sprint_mu_temple_rooms,
          sprint_mu_d1_spiders, sprint_mu_d2_genie, sprint_mu_d3_branching,
          sprint_mu_orc_legion, sprint_mu_elf_gauntlet, sprint_mu_hive_nellie,
          sprint_mu_lair_fedhas, sprint_mu_vaults_butterflies,
          sprint_mu_slime_circle, sprint_mu_shoals_kraken,
          sprint_mu_snake_twists, sprint_mu_blade_basic, sprint_mu_crypt_lich,
          sprint_mu_tomb_spiral, sprint_mu_vestibule_basic,
          sprint_mu_gehenna_hellfire, sprint_mu_dis_giant,
          sprint_mu_tartarus_statrot, sprint_mu_cocytus_islands, sprint_mu_zot1]

Skill      XL: |  1  2  3  4  5  6  7  8  9 10 11 12 13 |
---------------+----------------------------------------+-----
Spellcasting   | 6 8 9 13 15 18 19 22 24 26 27 | 27.0
Fire Magic     | 5 7 8 12 13 15 17 19 21 23 25 | 25.2
Shields        | 8 12 | 12.4
Evocations     | 2 |  2.5
Dodging        | |  2.4
Stealth        | |  2.4

Action                   |  1- 3 |  4- 6 |  7- 9 | 10-12 | 13-15 || total
-------------------------+-------+-------+-------+-------+-------++-------
Melee: Unarmed           |    10 |       |    28 |       |       ||    38
 Cast: Foxfire           |    12 |       |     1 |       |       ||    13
       Searing Ray       |     6 |     1 |       |       |       ||     7
       Conjure Flame     |     2 |     3 |    11 |     3 |     1 ||    20
       Fireball          |       |     3 |    30 |    37 |     7 ||    77
       Blink             |       |       |     1 |       |       ||     1
       Sticky Flame      |       |       |     2 |     2 |     1 ||     5
       Bolt of Fire      |       |       |       |    49 |    41 ||    90
       Fire Storm        |       |       |       |       |     7 ||     7
  Use: Potion            |     1 |     3 |       |       |     1 ||     5
       Scroll            |       |       |       |       |     2 ||     2
  Eat: Chunk             |       |       |     3 |     3 |     5 ||    11
       Ration            |       |       |       |     1 |       ||     1
Armor: Robe              |       |       |       |     5 |       ||     5
       Leather armour    |       |       |       |       |     2 ||     2
Dodge: Dodged            |     6 |       |    10 |    15 |       ||    31
Block: Heater shield     |       |       |       |     1 |     3 ||     4
       Reflection        |       |       |       |       |     1 ||     1
       Rpst.: Scimitar   |       |       |       |     7 |       ||     7
       Staff             |       |       |       |     4 |       ||     4
